 Dungeon Crawl Stone Soup version 0.30.0-3-ga4e48a9924 (webtiles) character file.

Game seed: 6234861703206352625

6 dialectric the Sneak (level 1, -1/11 HPs)
             Began as a Spriggan Delver on May 7, 2023.
             Was an Initiate of Dithmenos.
             Slain by Sigmund
             ... wielding a +0 scythe
              (7 damage)
             ... on level 2 of the Dungeon.
             The game lasted 00:04:32 (937 turns).

dialectric the Sneak (Spriggan Delver)               Turns: 937, Time: 00:04:32

Health: -1/11      AC:  2    Str:  8    XL:     1   Next: 75%
Magic:  2/2        EV: 14    Int: 11    God:    Dithmenos [......]
Gold:   52         SH:  0    Dex: 16    Spells: 0/0 levels left

rFire   . . .        a - +0 short sword
rCold   . . .        (no shield)
rNeg    . . .        b - +0 robe
rPois   .            (helmet restricted)
rElec   .            (no cloak)
rCorr   .            (gloves unavailable)
SInv    +            (boots unavailable)
Will    .....        (no amulet)
Stlth   ++           (no ring)
HPRegen 0.21/turn    (no ring)
MPRegen 0.08/turn

%: no passive effects
@: confused, grasped by roots, constricted, very quick
A: very small, no large weapons, unfitting armour, see invisible, speed 3
a: Renounce Religion


You were on level 2 of the Dungeon.
You worshipped Dithmenos.
Dithmenos was noncommittal.
You visited 2 branches of the dungeon, and saw 7 of its levels.

You collected 52 gold pieces.

Inventory:

Hand Weapons
 a - a +0 short sword (weapon)
 i - a +0 long sword of holy wrath
Missiles
 t - a poisoned dart (quivered)
Armour
 b - a +0 robe (worn)
Wands
 g - a wand of digging (3)
 n - a wand of quicksilver (13)
Scrolls
 c - 2 scrolls of fog
 d - a scroll of magic mapping
 e - a scroll of fear
 j - a scroll of identify {unknown}
 m - a scroll of immolation {unknown}
 p - a scroll of blinking {unknown}
 q - a scroll of torment {unknown}
 r - 2 scrolls of vulnerability {unknown}
Potions
 f - a potion of haste
 h - a potion of mutation {unknown}
 k - a potion of lignification {unknown}
 l - a potion of brilliance {unknown}
 o - 2 potions of magic {unknown}
 s - 2 potions of heal wounds {unknown}
 u - a potion of resistance {unknown}


   Skills:
 + Level 2.4 Fighting
 + Level 2.2 Short Blades
 + Level 2.7 Dodging
 + Level 7.7 Stealth


You couldn't memorise any spells.
You didn't know any spells.
Your spell library was empty.

Dungeon Overview and Level Annotations

Branches:
Dungeon (7/15)             Temple (1/1) D:5

Altars:
Cheibriados
Dithmenos
Gozag
Hepliaklqana
Nemelex Xobeh
Okawaru
Qazlal
Yredelemnul
Zin

Shops:
D:3 (

Annotations:
D:2 Sigmund
D:5 Ijyb


Innate Abilities, Weirdness & Mutations

You are very small and have problems with some larger weapons.
You are too small for most types of armour.
You have supernaturally acute eyesight. (SInv)
You cover ground extremely quickly. (Speed+++)


Message History

s - 2 purple potions (gained 1)
Okay, then.
Okay, then.
Found a stone staircase leading up.
There is a stone staircase leading up here.
You climb upwards.
Found five items.
There is a stone staircase leading down here.
Unknown command.
A bat comes into view.
The helpless dart slug fails to defend itself.
You impale the dart slug!!
You kill the dart slug!
Dithmenos accepts your kill.
Sigmund the Dreaded comes into view.
He is wielding a +0 scythe, wearing a +2 robe of willpower and carrying a wand of roots (14).
Found a large golden ring.
You see here 2 large rocks.
The helpless Sigmund fails to defend himself.
You impale Sigmund!!
Sigmund is almost dead.
Sigmund says, "Now you see me, now you don't..."
Sigmund gestures at you while chanting.
You are confused.
Unknown command.
Non-targeted confused throw: 2 darts (poison)
Press: ? - help, Q - select action, (/) - cycle Dir - look around, f - activate You throw a poisoned dart.
Sigmund mumbles some strange words.
Sigmund flickers and vanishes for a moment.
Unknown command.
Sigmund barely misses you.
You see here 2 large rocks.
Sigmund zaps a wand.
The roots erupt in riotous growth!
The grasping roots grab you!
Sigmund is unaffected.
The grasping roots constrict you.
You barely miss Sigmund.
Sigmund is almost dead.
Sigmund hits you with a +0 scythe!
Ouch! That really hurt!
You die...

.............
..?.......#
.......>.# #
.!.##....###.#.#
. #.........b#
... #.....##.#..
....####(#.....#
#..@.....####
#...@.......#
#........##.#
#........# #
#........#
#...=....#
##########


You could see Sigmund (invisible).

Vanquished Creatures
  A dart slug (D:2)
  A quokka (D:5)
  A kobold (D:4)
  2 orc zombies (D:6)
5 creatures vanquished.

Vanquished Creatures (others)
  A demonic plant (D:5)
1 creature vanquished.

Grand Total: 6 creatures vanquished

Notes
Turn   | Place    | Note
-------+----------+-------------------------------------------
     0 | D:5      | dialectric the Spriggan Delver began the quest for the Orb.
     0 | D:5      | Reached XP level 1. HP: 11/11 MP: 2/2
     1 | D:5      | Found a staircase to the Ecumenical Temple.
    10 | Temple   | Entered the Ecumenical Temple
    15 | Temple   | Became a worshipper of Dithmenos the Shadowed
    53 | D:5      | Noticed a quasit
   120 | D:5      | Noticed Ijyb
   147 | D:5      | Noticed an orc priest
   147 | D:5      | Noticed an orc wizard
   252 | D:6      | Noticed a black bear
   313 | D:6      | Noticed an orc wizard
   314 | D:6      | Noticed an orc warrior
   554 | D:7      | Noticed a black bear
   687 | D:6      | Noticed a howler monkey
   793 | D:4      | Noticed a jelly
   812 | D:3      | Found Hibroluti's Weapon Shoppe.
   838 | D:3      | Found a sparkling altar of Nemelex Xobeh.
   851 | D:3      | Found a hazy altar of Hepliaklqana.
   929 | D:2      | Noticed Sigmund
   937 | D:2      | Slain by Sigmund

Illustrated notes

Levels and vault maps discovered:
D:2:      layout_basic, uniq_natasha, uniq_sigmund
D:3:      layout_basic, mainiacjoe_overflow_big_doors, serial_shops,
          shop_fountains, uniq_grinder
D:4:      cheibrodos_pilgrimage, layout_basic, elyvilon_altar_5,
          gammafunk_ghost_grave, minmay_liquid_box, minmay_joined_circles
D:5:      layout_basic, nicolae_overflow_crystal_walls,
          minmay_temple_entry_crystal_x, serial_demonic, serial_demonic_d,
          serial_demonic_b, serial_demonic_d, serial_demonic_g,
          serial_demonic_f, serial_demonic_e, serial_demonic_a,
          uniq_crazy_yiuf_cottage, uniq_blork_the_orc, uniq_ijyb
D:6:      layout_basic, nicolae_ossuary_entry_giza, minmay_misc_feat_room,
          serial_park_tiny_pond, uniq_duvessa
D:7:      layout_cave_pods, nicolae_tso_besieged_by_evil
Temple:   nicolae_temple_ecumenical_triangle

Action                     || total
---------------------------++-------
  Melee: Short sword       ||    11
  Throw: Dart              ||     1
   Stab: Sleeping          ||     6
 Armour: Robe              ||     2
  Dodge: Dodged            ||    11
